[ AOE2 MATCH · #504533546 ]
UnrankedJurchens vs Shu
Player's team · LOSS
Rival team · WIN
[ REPLAY ANALYSIS · EXTRACTED FROM THE RECORDED GAME ]
Feudal
8:52
Castle
—
Imperial
—
| APM avg | 55.7 |
| APM peak | 113 |
| eAPM avg | 19.4 |
| Villagers / military | 40 / 27 |
Focus
⚔️ 32.0% · 🌾 68.0%
Skirmisher ×19 · Scout Cavalry ×7 · Spearman ×1
Feudal
9:15
Castle
21:06
Imperial
—
| APM avg | 80.3 |
| APM peak | 122 |
| eAPM avg | 25.1 |
| Villagers / military | 50 / 29 |
Focus
⚔️ 31.6% · 🌾 68.4%
Archer ×21 · Militia ×6 · Monk ×1 · Spearman ×1
Match map
Initial resources + every placement click. Lines = walls · curves = elevation contours. ◆ gold · ⬟ stone · ● berries · ✦ relic · ◌ wall gap
Your base· Open — 6t gap
jsemosoom's base· Open — 4t gap
Smoothed initial terrain · ◌ = detected wall gap · hover for details
Inputs per minute
— JOJO ROAD ROLLER - - jsemosoom
Build order — JOJO ROAD ROLLER
138 actions detected in the replay
| 0:01 | Create | Villager (Male) ×4 |
| 0:02 | Build | House |
| 0:02 | Build | House |
| 1:24 | Create | Villager (Male) |
| 1:36 | Create | Villager (Male) |
| 2:08 | Create | Villager (Male) |
| 2:24 | Build | Lumber Camp |
| 2:38 | Create | Villager (Male) |
| 2:55 | Create | Villager (Male) |
| 2:55 | Create | Villager (Male) |
| 3:28 | Create | Villager (Male) |
| 3:52 | Build | House |
| 4:01 | Create | Villager (Male) |
| 4:02 | Create | Villager (Male) |
| 4:02 | Create | Villager (Male) |
| 4:19 | Build | House |
| 5:16 | Build | Mill |
| 5:27 | Create | Villager (Male) |
| 5:32 | Research | Loom |
| 5:48 | Create | Villager (Male) |
| 6:12 | Create | Villager (Male) |
| 6:38 | Research | Feudal Age |
| 7:11 | Research | Loom |
| 7:12 | Create | Villager (Male) |
| 7:27 | Build | Lumber Camp |
| 8:06 | Build | Palisade Wall |
| 8:08 | Build | Palisade Wall |
| 8:08 | Build | Palisade Wall |
| 8:16 | Build | Palisade Wall |
| 8:27 | Build | Barracks |
| 8:43 | Build | Palisade Wall |
| 8:44 | Build | Palisade Wall |
| 8:45 | Build | Palisade Wall |
| 8:46 | Build | Palisade Wall |
| 8:52 | Age | Feudal Age |
| 9:23 | Build | Stable |
| 9:42 | Create | Villager (Male) |
| 9:52 | Research | Double-Bit Axe |
| 9:53 | Create | Villager (Male) |
| 10:19 | Create | Scout Cavalry |
| 10:19 | Create | Villager (Male) |
| 10:21 | Create | Scout Cavalry |
| 10:30 | Create | Spearman |
| 10:31 | Create | Villager (Male) |
| 10:39 | Build | House |
| 10:43 | Build | Palisade Wall |
| 10:44 | Build | Palisade Wall |
| 10:47 | Build | Palisade Wall |
| 10:50 | Build | Palisade Wall |
| 10:52 | Create | Scout Cavalry |
| 10:58 | Build | Palisade Wall |
| 10:59 | Build | Palisade Wall |
| 11:05 | Build | House |
| 11:08 | Create | Scout Cavalry |
| 11:15 | Build | Farm |
| 11:16 | Build | Farm |
| 11:25 | Create | Villager (Male) |
| 11:25 | Create | Villager (Male) |
| 11:34 | Build | Farm |
| 11:35 | Build | Farm |
| 11:48 | Build | Palisade Wall |
| 11:53 | Build | Farm |
| 11:54 | Create | Villager (Male) |
| 12:06 | Build | Farm |
| 12:08 | Build | Farm |
| 12:14 | Create | Villager (Male) |
| 12:26 | Build | Farm |
| 12:45 | Create | Scout Cavalry |
| 12:53 | Build | Farm |
| 13:01 | Create | Villager (Male) |
| 13:06 | Build | Archery Range |
| 13:25 | Create | Scout Cavalry |
| 13:34 | Build | Farm |
| 13:34 | Create | Villager (Male) |
| 13:42 | Build | Farm |
| 13:47 | Build | Farm |
| 13:50 | Create | Villager (Male) |
| 14:01 | Create | Skirmisher |
| 14:11 | Build | House |
| 14:26 | Create | Villager (Male) |
| 14:51 | Create | Skirmisher |
| 14:52 | Create | Villager (Male) |
| 15:09 | Build | Lumber Camp |
| 15:14 | Build | Palisade Wall |
| 15:21 | Create | Villager (Male) |
| 15:26 | Create | Skirmisher |
| 15:44 | Create | Villager (Male) |
| 15:58 | Create | Skirmisher |
| 16:05 | Build | Mining Camp |
| 16:15 | Create | Villager (Male) |
| 16:16 | Create | Skirmisher |
| 16:20 | Build | Farm |
| 16:24 | Build | Farm |
| 16:26 | Create | Villager (Male) |
| 16:27 | Create | Skirmisher |
| 16:45 | Build | Farm |
| 16:47 | Create | Villager (Male) |
| 16:49 | Create | Skirmisher |
| 16:57 | Research | Wheelbarrow |
| 17:03 | Build | House |
| 17:08 | Create | Skirmisher |
| 17:13 | Build | Blacksmith |
| 17:25 | Create | Skirmisher |
| 17:40 | Build | House |
| 17:50 | Build | House |
| 18:01 | Create | Skirmisher |
| 18:08 | Research | Fletching |
| 18:09 | Create | Villager (Male) |
| 18:09 | Create | Scout Cavalry |
| 18:15 | Research | Padded Archer Armor |
| 18:26 | Create | Skirmisher |
| 18:27 | Build | Farm |
| 18:29 | Build | Farm |
| 18:37 | Build | Farm |
| 18:48 | Build | Farm |
| 18:48 | Build | Farm |
| 18:49 | Build | Farm |
| 18:51 | Build | Mill |
| 18:59 | Create | Villager (Male) |
| 19:07 | Create | Skirmisher |
| 19:28 | Create | Villager (Male) |
| 19:31 | Create | Skirmisher |
| 19:47 | Create | Villager (Male) |
| 19:50 | Build | Archery Range |
| 19:51 | Build | Archery Range |
| 20:12 | Build | Farm |
| 20:21 | Build | House |
| 20:22 | Build | House |
| 20:24 | Build | House |
| 20:48 | Research | Castle Age |
| 20:54 | Build | Archery Range |
| 20:56 | Create | Skirmisher |
| 21:26 | Research | Horse Collar |
| 21:28 | Create | Skirmisher |
| 21:46 | Create | Skirmisher |
| 21:47 | Create | Skirmisher |
| 22:09 | Create | Skirmisher |
| 22:10 | Create | Skirmisher |
Build order — jsemosoom
150 actions detected in the replay
| 0:00 | Create | Villager (Male) |
| 0:01 | Create | Villager (Male) |
| 0:01 | Create | Villager (Male) |
| 0:02 | Build | House |
| 0:02 | Build | House |
| 0:17 | Create | Villager (Male) |
| 0:17 | Create | Villager (Male) |
| 1:23 | Create | Villager (Male) |
| 1:50 | Build | Lumber Camp |
| 2:01 | Create | Villager (Male) |
| 2:01 | Create | Villager (Male) |
| 2:08 | Create | Villager (Male) |
| 2:08 | Create | Villager (Male) |
| 2:32 | Build | House |
| 2:32 | Build | House |
| 2:36 | Create | Villager (Male) |
| 2:36 | Create | Villager (Male) |
| 3:04 | Create | Villager (Male) |
| 3:04 | Create | Villager (Male) |
| 3:35 | Create | Villager (Male) |
| 3:35 | Create | Villager (Male) |
| 4:21 | Build | Mill |
| 4:28 | Create | Villager (Male) |
| 4:28 | Create | Villager (Male) |
| 5:10 | Create | Villager (Male) |
| 5:10 | Create | Villager (Male) |
| 5:30 | Create | Villager (Male) |
| 5:54 | Create | Villager (Male) |
| 6:15 | Build | Barracks |
| 6:22 | Research | Loom |
| 7:03 | Research | Feudal Age |
| 7:04 | Research | Feudal Age |
| 7:08 | Create | Militia |
| 7:08 | Create | Militia |
| 7:27 | Create | Militia |
| 7:27 | Create | Militia |
| 7:46 | Build | Mining Camp |
| 8:07 | Create | Militia |
| 8:08 | Create | Militia |
| 8:13 | Build | House |
| 8:30 | Create | Villager (Male) |
| 9:15 | Age | Feudal Age |
| 9:18 | Research | Man-at-Arms (upgrade) |
| 9:18 | Research | Man-at-Arms (upgrade) |
| 9:22 | Build | Archery Range |
| 9:27 | Research | Double-Bit Axe |
| 9:27 | Research | Double-Bit Axe |
| 9:32 | Create | Villager (Male) |
| 9:52 | Create | Villager (Male) |
| 10:11 | Create | Villager (Male) |
| 10:20 | Create | Archer |
| 10:27 | Build | Mill |
| 10:28 | Build | House |
| 10:31 | Create | Archer |
| 10:47 | Create | Villager (Male) |
| 10:55 | Create | Archer |
| 11:00 | Build | Farm |
| 11:02 | Create | Villager (Male) |
| 11:04 | Build | Farm |
| 11:15 | Create | Villager (Male) |
| 11:33 | Build | House |
| 11:34 | Build | Palisade Wall |
| 11:37 | Build | Palisade Gate |
| 11:38 | Build | Palisade Wall |
| 11:42 | Build | Farm |
| 11:46 | Create | Archer |
| 11:48 | Create | Spearman |
| 11:49 | Create | Villager (Male) |
| 11:52 | Build | House |
| 11:53 | Build | Palisade Wall |
| 11:54 | Build | Palisade Wall |
| 11:56 | Build | Palisade Wall |
| 12:02 | Build | Palisade Wall |
| 12:04 | Build | Palisade Wall |
| 12:10 | Create | Archer |
| 12:16 | Create | Villager (Male) |
| 12:38 | Create | Villager (Male) |
| 12:38 | Create | Villager (Male) |
| 12:47 | Create | Archer |
| 13:02 | Create | Villager (Male) |
| 13:06 | Build | Farm |
| 13:06 | Build | Farm |
| 13:07 | Build | Farm |
| 13:29 | Build | Farm |
| 13:29 | Create | Villager (Male) |
| 13:30 | Create | Villager (Male) |
| 13:38 | Build | Palisade Wall |
| 13:40 | Build | Palisade Wall |
| 13:45 | Create | Archer |
| 13:48 | Build | Blacksmith |
| 14:02 | Create | Villager (Male) |
| 14:05 | Create | Archer |
| 14:13 | Build | Farm |
| 14:23 | Create | Villager (Male) |
| 14:28 | Build | Farm |
| 14:41 | Research | Fletching |
| 14:53 | Create | Villager (Male) |
| 14:58 | Create | Villager (Male) |
| 15:03 | Build | Farm |
| 15:05 | Build | House |
| 15:08 | Build | Palisade Wall |
| 15:09 | Build | Farm |
| 15:17 | Create | Archer |
| 15:21 | Create | Villager (Male) |
| 15:39 | Create | Villager (Male) |
| 15:55 | Create | Archer |
| 15:55 | Create | Archer |
| 15:56 | Create | Villager (Male) |
| 16:03 | Build | Farm |
| 16:04 | Build | Farm |
| 16:10 | Build | House |
| 16:12 | Build | Farm |
| 16:19 | Build | House |
| 16:29 | Create | Archer |
| 16:31 | Create | Villager (Male) |
| 17:10 | Research | Wheelbarrow |
| 17:10 | Research | Wheelbarrow |
| 17:16 | Build | Lumber Camp |
| 17:36 | Create | Villager (Male) |
| 17:49 | Create | Archer |
| 17:59 | Build | House |
| 17:59 | Build | House |
| 18:26 | Research | Castle Age |
| 18:33 | Create | Archer |
| 18:43 | Build | Lumber Camp |
| 18:58 | Create | Archer |
| 19:32 | Research | Horse Collar |
| 19:34 | Research | Gold Mining |
| 19:34 | Research | Gold Mining |
| 19:35 | Create | Archer |
| 19:49 | Create | Archer |
| 20:01 | Create | Archer |
| 20:03 | Create | Villager (Male) |
| 20:20 | Create | Archer |
| 21:05 | Create | Villager (Male) |
| 21:06 | Age | Castle Age |
| 21:08 | Research | Crossbowman (upgrade) |
| 21:09 | Research | Bodkin Arrow |
| 21:15 | Build | Town Center |
| 21:20 | Build | Monastery |
| 21:28 | Research | Bow Saw |
| 21:41 | Create | Archer |
| 21:42 | Create | Villager (Male) |
| 21:59 | Create | Villager (Male) |
| 22:04 | Build | Farm |
| 22:07 | Create | Monk |
| 22:12 | Create | Villager (Male) |
| 22:27 | Create | Archer |
| 22:36 | Build | Farm |
| 22:37 | Build | Farm |
Match timeline
| 6:15 | jsemosoom · first_building Barracks |
| 8:06 | JOJO ROAD ROLLER · wall_segment Palisade Wall x2 |
| 8:08 | JOJO ROAD ROLLER · wall_segment Palisade Wall x1 |
| 8:08 | JOJO ROAD ROLLER · wall_segment Palisade Wall x1 |
| 8:16 | JOJO ROAD ROLLER · wall_segment Palisade Wall x2 |
| 8:27 | JOJO ROAD ROLLER · first_building Barracks |
| 8:43 | JOJO ROAD ROLLER · wall_segment Palisade Wall x1 |
| 8:44 | JOJO ROAD ROLLER · wall_segment Palisade Wall x1 |
| 8:45 | JOJO ROAD ROLLER · wall_segment Palisade Wall x1 |
| 8:46 | JOJO ROAD ROLLER · wall_segment Palisade Wall x1 |
| 8:52 | JOJO ROAD ROLLER · age_up feudal |
| 9:15 | jsemosoom · age_up feudal |
| 9:22 | jsemosoom · first_building Archery Range |
| 9:23 | JOJO ROAD ROLLER · first_building Stable |
| 10:43 | JOJO ROAD ROLLER · wall_segment Palisade Wall x1 |
| 10:44 | JOJO ROAD ROLLER · wall_segment Palisade Wall x1 |
| 10:47 | JOJO ROAD ROLLER · wall_segment Palisade Wall x1 |
| 10:50 | JOJO ROAD ROLLER · wall_segment Palisade Wall x1 |
| 10:58 | JOJO ROAD ROLLER · wall_segment Palisade Wall x3 |
| 10:59 | JOJO ROAD ROLLER · wall_segment Palisade Wall x4 |
| 11:34 | jsemosoom · wall_segment Palisade Wall x3 |
| 11:38 | jsemosoom · wall_segment Palisade Wall x1 |
| 11:48 | JOJO ROAD ROLLER · wall_segment Palisade Wall x1 |
| 11:53 | jsemosoom · wall_segment Palisade Wall x5 |
| 11:54 | jsemosoom · wall_segment Palisade Wall x1 |
| 11:56 | jsemosoom · wall_segment Palisade Wall x4 |
| 12:02 | jsemosoom · wall_segment Palisade Wall x1 |
| 12:04 | jsemosoom · wall_segment Palisade Wall x7 |
| 13:06 | JOJO ROAD ROLLER · first_building Archery Range |
| 13:38 | jsemosoom · wall_segment Palisade Wall x1 |
| 13:40 | jsemosoom · wall_segment Palisade Wall x1 |
| 15:08 | jsemosoom · wall_segment Palisade Wall x1 |
| 15:14 | JOJO ROAD ROLLER · wall_segment Palisade Wall x4 |
| 21:06 | jsemosoom · age_up castle |
| 21:20 | jsemosoom · first_building Monastery |
| 22:38 | JOJO ROAD ROLLER · resign |
[ AI ANALYSIS · 1 CREDIT ]
What really happened in this match?
Wolo.gg analyzes every decision: build order, eco, micro, common mistakes by bracket. Personalized analysis on WhatsApp or Discord in 30 seconds.
Civ guide
Jurchens
Perfil
Jugador #12249685